 Dungeon Crawl Stone Soup version 0.30-a0-618-gd6c86c23d0 (webtiles) character file.

Game seed: 15152272197253457948

137 Dirtsage the Cudgeller (level 5, 41/41 HPs)
             Began as a Demonspawn Fighter on Jan 9, 2023.
             Was a Follower of Okawaru.
             Quit the game on level 4 of the Dungeon.
             The game lasted 00:04:22 (2207 turns).

Dirtsage the Cudgeller (Demonspawn Fighter)         Turns: 2207, Time: 00:04:23

Health: 41/41      AC:  9    Str: 19    XL:     5   Next: 0%
Magic:  5/5        EV:  9    Int:  9    God:    Okawaru [*.....]
Gold:   92         SH:  4    Dex: 12    Spells: 4/4 levels left

rFire   . . .      SeeInvis .    a - +0 flail
rCold   . . .      Faith    .    c - +0 buckler
rNeg    . . .      Spirit   .    b - +0 scale mail
rPois   .          Reflect  .    (helmet restricted)
rElec   .          Harm     .    (no cloak)
rCorr   .          Rampage  .    (no gloves)
Will    .....                    g - +2 pair of boots Stlth
                                 (no amulet)
HPRegen 0.26/turn                (no ring)
MPRegen 0.09/turn                (no ring)

@: no status effects
A: horns 1
a: Renounce Religion, Heroism


You were on level 4 of the Dungeon.
You worshipped Okawaru.
Okawaru was aware of your devotion.
You visited 1 branch of the dungeon, and saw 4 of its levels.

You collected 92 gold pieces.

Inventory:

Hand Weapons
 a - a +0 flail (weapon)
Armour
 b - a +0 scale mail (worn)
 c - a +0 buckler (worn)
 g - a +2 pair of boots (worn)
 s - a scarf of invisibility
Wands
 o - a wand of roots (8)
Scrolls
 h - 3 scrolls of fear {unknown}
 j - a scroll of enchant armour {unknown}
 k - a scroll of butterflies {unknown}
 m - a scroll of identify {unknown}
 n - 2 scrolls of teleportation {unknown}
 p - a scroll of amnesia {unknown}
 q - a scroll of fog {unknown}
 r - a scroll of acquirement {unknown}
 u - a scroll of vulnerability {unknown}
Potions
 d - a potion of might
 e - 3 potions of curing {unknown}
 f - 4 potions of heal wounds {unknown}
 i - 3 potions of haste {unknown}
 l - a potion of lignification {unknown}
 t - a potion of invisibility {unknown}


   Skills:
 - Level 3.0 Fighting
 * Level 4.7 Maces & Flails
 - Level 2.6 Armour
 - Level 2.6 Shields


You had 4 spell levels left.
You didn't know any spells.
Your spell library contained the following spells:

 Spells                   Type           Power      Damage    Failure   Level
 Cigotuvi's Dreadful Rot  Necr/Pois/Air  0%         N/A       94%         2
 Poisonous Vapours        Pois/Air       0%         N/A       94%         2
 Mephitic Cloud           Conj/Pois/Air  0%         N/A       99%         3
 Ozocubu's Armour         Ice            0%         N/A       99%         3
 Eringya's Noxious Bog    Tmut/Pois      0%         N/A       100%        6
 Ozocubu's Refrigeration  Ice            0%         4d7       100%        7
 Summon Forest            Summ/Tloc      Unusable   N/A       N/A         5
 Summon Hydra             Summ           Unusable   N/A       N/A         7

Dungeon Overview and Level Annotations

Branches:
Dungeon (4/15)
 Temple: D:4-7

Altars:
Okawaru

Shops:
D:2 (   D:3 :


Innate Abilities, Weirdness & Mutations

You have a pair of small horns on your head.


Message History

The hound bites you but does no damage. The hound closely misses you.
You closely miss the hound. The hound barely misses you.
The hound bites you but does no damage.
You closely miss the hound. The hound closely misses you. x2
You closely miss the hound. You headbutt the hound.
The hound is moderately wounded.
The hound bites you but does no damage. You block the hound's attack.
You hit the hound. Your headbutt misses the hound.
The hound is heavily wounded.
The hound barely misses you. x2
You hit the hound.
The hound is heavily wounded.
The hound bites you. The hound bites you but does no damage.
You take 2 damage, and have 33/35 hp.
You closely miss the hound.
The hound is heavily wounded.
The hound barely misses you. The hound bites you but does no damage.
You hit the hound.
The hound is severely wounded.
The hound bites you but does no damage. The hound bites you.
You sock the hound!
You kill the hound!
Okawaru accepts your kill.
You take 4 damage, and have 29/35 hp.
No target in view!
i - 3 golden potions (gained 1)
You hear the rusting of a very distant drain.
Found a stone staircase leading up.
Health restored: 35 You see here a +0 leather armour.
A quokka comes into view.
A quokka is nearby!
You closely miss the quokka.
The quokka bites you but does no damage.
You sock the quokka!
You kill the quokka!
Okawaru accepts your kill.
You have reached level 5!
Health restored: 41; MP restored: 5 Are you sure you want to abandon this character and quit the game? (Confirm with "yes".)

#.............#######.#.#
#########[..#.# #####.#.#
##.##.# #.......#
#.##.###.###.###
#........###.#
#.##.........#
#.############ #.# #@#
#†# #<# #.# #.# ... ...
...


There were no monsters in sight!

Vanquished Creatures
  A hound (D:4)
  An iguana (D:4)
  A gnoll (D:1)
  A worm (D:3)
  2 dart slugs
  An orc (D:4)
  11 endoplasms
  3 giant cockroaches (D:1)
  10 goblins
  6 hobgoblins
  4 kobolds
  2 quokkas
  2 ball pythons
  5 bats
  4 frilled lizards
  3 rats
57 creatures vanquished.

Notes
Turn   | Place    | Note
-------+----------+-------------------------------------------
     0 | D:1      | Dirtsage the Demonspawn Fighter began the quest for the
                  | Orb.
     0 | D:1      | Reached XP level 1. HP: 18/18 MP: 1/1
    60 | D:1      | Reached skill level 2 in Maces & Flails
   139 | D:1      | Gained mutation: You have a pair of small horns on your
                  | head. [demonic ancestry]
   139 | D:1      | Reached XP level 2. HP: 24/24 MP: 2/2
   335 | D:1      | Reached skill level 3 in Maces & Flails
   335 | D:1      | Reached XP level 3. HP: 25/29 MP: 3/3
   588 | D:2      | Found a faded altar of an unknown god.
   593 | D:2      | Prayed at the altar of an unknown god.
   593 | D:2      | Became a worshipper of Warmaster Okawaru
   593 | D:2      | Reached * piety under Okawaru
  1040 | D:2      | Found Uge Quma's Weapon Boutique.
  1122 | D:2      | Identified the +1 ring mail of the Unseen Realm {rPois
                  | Regen+ Str-4 Dex-5}
  1443 | D:3      | Reached XP level 4. HP: 35/35 MP: 4/4
  1539 | D:3      | Reached skill level 4 in Maces & Flails
  1725 | D:3      | Found Nuneuc's Book Emporium.
  2207 | D:4      | Reached XP level 5. HP: 41/41 MP: 5/5
  2207 | D:4      | Quit the game

Illustrated notes

Levels and vault maps discovered:
D:1:      minmay_arrival_pointy, layout_rooms
D:2:      layout_loops_ring, hellmonk_ecumenical_altar_inner_sanctum,
          serial_shops, shop
D:3:      layout_basic, serial_shops, shop
D:4:      layout_loops_corners, lightli_sewer_entry_pipes,
          kennysheep_generic_room_5, uniq_duvessa

Skill      XL: |  1  2  3  4 |
---------------+-------------+-----
Maces & Flails | 2 3 4 |  4.7
Fighting       | |  3.0
Armour         | |  2.6
Shields        | |  2.6

Action                   |  1- 3 |  4- 6 || total
-------------------------+-------+-------++-------
Melee: Flail             |   117 |    34 ||   151
       Headbutt          |    10 |     4 ||    14
Armor: Scale mail        |    61 |    11 ||    72
Dodge: Dodged            |    66 |    14 ||    80
Block: Buckler           |    20 |     5 ||    25

Table legend: (Time is in decaauts)
 A = Elapsed time spent in this place.
 B = Non-inter-level travel time spent in this place.
 C = Inter-level travel time spent in this place.
 D = Time resting spent in this place.
 E = Time spent auto-exploring this place.
 F = Levels seen in this place.
 G = Mean time per level.
                   A        B        C        D        E       F      G
               +--------+--------+--------+--------+--------+-----+--------+
         Total |   2248 |   2174 |     74 |      0 |   1767 |   4 |  562.0 |
       Dungeon |   2248 |   2174 |     74 |      0 |   1767 |   4 |  562.0 |
               +--------+--------+--------+--------+--------+-----+--------+

Top non-repeatable levels by time:
     D:2: 754 daAuts
     D:3: 609 daAuts
     D:1: 586 daAuts
     D:4: 298 daAuts
